Senators vs Jets

Created - Thursday, March 31, 2016 at 01:58

Goals
1 2 3 T
Senators 1 0 0 1
Jets 1 0 1 2
Shots
1 2 3 T
Senators 9 6 12 27
Jets 8 9 6 23

1st period

1. Jets , John Tavares 59 (Victor Hedman, Patrick Kane) at 0:22
2. Senators , Jonathan Toews 53 (Jarome Iginla, Tyler Myers) at 14:57

Penalties :
John Tavares (Wpg) for Roughing (Minor) at 5:37, Dion Phaneuf (Ott) for High sticking (Minor) at 17:29

2nd period

No Goal

Penalties :
Steve Downie (Ott) for Hooking (Minor) at 2:35, Tyler Myers (Ott) for High sticking (Minor) at 13:30, Dion Phaneuf (Ott) for Roughing (Minor) at 17:00, Claude Giroux (Wpg) for Hooking (Minor) at 19:40

3rd period

3. Jets , John Tavares 60 (John Carlson) at 17:02

Penalties :
Tyler Myers (Ott) for Hooking (Minor) at 5:48, Blake Wheeler (Wpg) for Roughing (Minor) at 11:39

Goalie Stats

Steve Mason (Ott), 21 saves from 23 shots - (0.913), L, 41-21-7, 59:19 minutes
Jonathan Quick (Wpg), 26 saves from 27 shots - (0.963), W, 36-30-3, 60:00 minutes

Players Stats for Senators

Player Name              G  A  P  +/- PIM S  H  SB GA TA FO     MP     PP MP  PK MP  
------------------------------------------------------------------------------------
Boone Jenner             0  0  0   0  0   0  1  1  2  1  5/12   19:40   2:54   5:42 
Dave Bolland             0  0  0   0  0   1  1  0  2  1  2/3    11:59   0:00   4:19 
Dion Phaneuf             0  0  0  -1  4   1  5  2  0  5  0/0    24:07   2:59   2:32 
Jake Gardiner            0  0  0   0  0   0  2  0  0  0  0/0    16:40   2:58   0:00 
Jarome Iginla            0  1  1  -1  0   2  2  0  0  0  0/0    14:34   3:19   0:00 
Joe Colborne             0  0  0   0  0   2  3  0  0  0  0/1    14:15   0:00   1:11 
John-Michael Liles       0  0  0   0  0   0  0  0  0  0  0/0    11:19   0:00   3:49 
Johnny Boychuk           0  0  0   0  0   1  1  4  1  3  0/0    24:28   2:59   4:47 
Johnny Oduya             0  0  0   0  0   0  0  0  0  0  0/0     2:22   0:00   0:00 
Jonathan Toews           1  0  1  -1  0   8  1  1  1  0  9/15   19:41   3:19   0:00 
Kyle Chipchura           0  0  0   0  0   0  1  0  0  0  0/1    10:30   0:00   2:45 
Kyle Turris              0  0  0   0  0   2  1  0  0  1  7/12   15:49   2:38   0:00 
Loui Eriksson            0  0  0   0  0   2  0  0  2  1  0/1    16:37   2:38   0:00 
Michael Grabner          0  0  0  -1  0   1  1  2  5  2  0/1    17:23   0:25   5:53 
Phil Kessel              0  0  0   0  0   3  1  0  3  0  0/0    15:49   2:38   0:00 
Steve Downie             0  0  0   0  2   1  1  0  0  0  0/0    12:06   0:00   0:00 
Tyler Myers              0  1  1  -1  4   2  2  2  0  2  0/0    22:36   2:58   3:55 
Zach Bogosian            0  0  0   0  0   1  1  0  0  0  0/0    20:00   0:00   4:47 

Players Stats for Jets

Player Name              G  A  P  +/- PIM S  H  SB GA TA FO     MP     PP MP  PK MP  
------------------------------------------------------------------------------------
Alex Ovechkin            0  0  0   2  0   2  3  0  5  1  0/0    22:12   4:47   2:08 
Blake Wheeler            0  0  0  -1  2   0  1  2  2  1  0/0    19:08   4:45   0:00 
Brad Stuart              0  0  0   0  0   1  1  0  1  0  0/0    18:40   0:00   4:13 
Claude Giroux            0  0  0   0  2   3  2  0  3  0  9/15   15:07   0:00   1:02 
Erik Johnson             0  0  0   0  0   0  0  4  0  3  0/0    23:57   5:12   1:44 
Filip Forsberg           0  0  0  -1  0   1  0  0  0  0  0/0    18:16   4:45   0:00 
Jake Muzzin              0  0  0   0  0   1  0  0  0  0  0/0    17:21   0:00   0:00 
Jarret Stoll             0  0  0   0  0   0  0  0  0  1  3/7    10:11   0:00   4:43 
John Carlson             0  1  1   1  0   0  0  2  0  1  0/0    23:56   4:43   4:01 
John Tavares             2  0  2   2  2   3  0  0  3  0  4/13   16:32   5:10   0:00 
Jussi Jokinen            0  0  0   0  0   0  0  0  1  0  0/0    17:42   0:00   3:49 
Marc Staal               0  0  0   0  0   0  0  0  0  0  0/0     0:00   0:00   0:00 
Oliver Ekman-Larsson     0  0  0   0  0   0  3  0  0  3  0/0    18:58   5:12   1:56 
Patrick Kane             0  1  1   2  0   0  0  0  5  0  0/0    15:44   5:10   0:00 
Patrik Elias             0  0  0   0  0   1  0  1  0  0  0/0     6:58   0:23   0:12 
Ryan Getzlaf             0  0  0  -1  0   3  4  1  2  0  7/11   18:44   4:45   0:00 
Victor Hedman            0  1  1   1  0   1  0  0  0  0  0/0    17:06   4:43   0:00 
Wayne Simmonds           0  0  0   0  0   7  4  0  2  0  0/0    13:23   0:00   0:00 

3 Stars

1 - John Tavares (Wpg)
2 - Jonathan Quick (Wpg)
3 - Patrick Kane (Wpg)

Power Play

Senators - 0 on 3 Attempt(s) - 0.00%
Jets - 0 on 5 Attempt(s) - 0.00%

Penalty Kill

Senators - 5 on 5 Attempt(s) - 100.00% - Score 0 goal in Penalty Kill
Jets - 3 on 3 Attempt(s) - 100.00% - Score 0 goal in Penalty Kill

Team Stat

Senators - Hits : 24 - Faceoff Wins : 23 - Blocked Shots : 12 - Penalty Minutes : 10
Jets - Hits : 18 - Faceoff Wins : 23 - Blocked Shots : 10 - Penalty Minutes : 6

Official

Referees : Unknown
Linesman : Unknown

Game Notes

Johnny Oduya is injured at 9:47 of 1st period (Right Leg)

Finance

Level 1 -- Attendance: 6000 (100.00%) -- Ticket Income $510,000
Level 2 -- Attendance: 4922 (98.44%) -- Ticket Income $270,710
Level 3 -- Attendance: 1891 (94.55%) -- Ticket Income $56,730
Level 4 -- Attendance: 3215 (80.38%) -- Ticket Income $64,300
Luxury Box -- Attendance: 964 (96.40%) -- Ticket Income $154,240
Game was played at the MTS Center.
Total Attendance: 16992 (94.40%)
Total Ticket Income: $1,055,980
Other Income: $517,430
Total Income: $1,573,410

Senators

5 vs 5 Forward 
   Center                   Left Wing                Right Wing               Time % Phy DF OF 
 1 Jonathan Toews           Michael Grabner          Jarome Iginla            35     1   2  2  
 2 Kyle Turris              Loui Eriksson            Phil Kessel              30     1   2  2  
 3 Boone Jenner             Joe Colborne             Steve Downie             22     1   2  2  
 4 Dave Bolland             Jonathan Toews           Kyle Chipchura           13     1   2  2  

5 vs 5 Defense 
   Defense                  Defense                                           Time % Phy DF OF 
 1 Dion Phaneuf             Tyler Myers                                       35     1   2  2  
 2 Johnny Boychuk           Zach Bogosian                                     30     1   2  2  
 3 Jake Gardiner            Johnny Oduya                                      22     1   2  2  
 4 Dion Phaneuf             John-Michael Liles                                13     1   2  2  

PowerPlay Forward 
   Center                   Left Wing                Right Wing               Time % Phy DF OF 
 1 Jonathan Toews           Boone Jenner             Jarome Iginla            60     1   2  2  
 2 Kyle Turris              Loui Eriksson            Phil Kessel              40     1   2  2  

PowerPlay Defense
   Defense                  Defense                                           Time % Phy DF OF 
 1 Dion Phaneuf             Johnny Boychuk                                    60     1   2  2  
 2 Tyler Myers              Jake Gardiner                                     40     1   2  2  

Penalty Kill 4 Players Forward 
   Center                   Wing                     Time % Phy DF OF 
 1 Boone Jenner             Michael Grabner          60     1   2  2  
 2 Dave Bolland             Kyle Chipchura           40     1   2  2  

Penalty Kill 4 Players Defense
   Defense                  Defense                  Time % Phy DF OF 
 1 Dion Phaneuf             Tyler Myers              60     1   2  2  
 2 Johnny Boychuk           Zach Bogosian            40     1   2  2  

Penalty Kill - 3 Players Forward 
   Forward                                           Time % Phy DF OF 
 1 Jonathan Toews                                    60     1   2  2  
 2 Jarome Iginla                                     40     1   2  2  

Penalty Kill - 3 Players Defense
   Defense                  Defense                  Time % Phy DF OF 
 1 Dion Phaneuf             Tyler Myers              60     1   2  2  
 2 Johnny Boychuk           Jake Gardiner            40     1   2  2  

4 vs 4 Forward 
   Center                   Wing                     Time % Phy DF OF 
 1 Jonathan Toews           Jarome Iginla            60     1   2  2  
 2 Kyle Turris              Phil Kessel              40     1   2  2  

4 vs 4 Defense
   Defense                  Defense                  Time % Phy DF OF 
 1 Dion Phaneuf             Tyler Myers              60     1   2  2  
 2 Johnny Boychuk           Zach Bogosian            40     1   2  2  

Last Minutes Offensive
   Center                   Left Wing                Right Wing               Defense                  Defense                  
   Jonathan Toews           Loui Eriksson            Jarome Iginla            Dion Phaneuf             Zach Bogosian            

Last Minutes Defensive
   Center                   Left Wing                Right Wing               Defense                  Defense                  
   Jonathan Toews           Loui Eriksson            Jarome Iginla            Dion Phaneuf             Zach Bogosian            

Goaltenders
Starting : Steve Mason              
Backup : Jacob Markstrom          

Extra Forwards
Normal : Jonathan Toews, Michael Grabner, Dave Bolland - PP : Jonathan Toews, Michael Grabner - PK : Dave Bolland
Extra Defensemen
Normal : Tyler Myers, Johnny Boychuk, Dion Phaneuf - PP : Tyler Myers - PK : Tyler Myers, Dion Phaneuf
Penalty Shots
Jonathan Toews, Jarome Iginla, Kyle Turris, Phil Kessel, Loui Eriksson

Jets

5 vs 5 Forward 
   Center                   Left Wing                Right Wing               Time % Phy DF OF 
 1 John Tavares             Alex Ovechkin            Patrick Kane             31     0   2  3  
 2 Ryan Getzlaf             Filip Forsberg           Blake Wheeler            28     0   2  3  
 3 Claude Giroux            Jussi Jokinen            Wayne Simmonds           24     1   2  2  
 4 Jarret Stoll             Patrik Elias             Alex Ovechkin            17     1   2  2  

5 vs 5 Defense 
   Defense                  Defense                                           Time % Phy DF OF 
 1 Victor Hedman            John Carlson                                      35     1   2  2  
 2 Oliver Ekman-Larsson     Erik Johnson                                      30     1   2  2  
 3 Jake Muzzin              Brad Stuart                                       22     1   2  2  
 4 Jake Muzzin              Erik Johnson                                      13     1   2  2  

PowerPlay Forward 
   Center                   Left Wing                Right Wing               Time % Phy DF OF 
 1 John Tavares             Alex Ovechkin            Patrick Kane             60     1   2  2  
 2 Ryan Getzlaf             Filip Forsberg           Blake Wheeler            40     1   2  2  

PowerPlay Defense
   Defense                  Defense                                           Time % Phy DF OF 
 1 Oliver Ekman-Larsson     Erik Johnson                                      60     1   2  2  
 2 Victor Hedman            John Carlson                                      40     1   2  2  

Penalty Kill 4 Players Forward 
   Center                   Wing                     Time % Phy DF OF 
 1 Jarret Stoll             Jussi Jokinen            60     1   2  2  
 2 Claude Giroux            Alex Ovechkin            40     1   2  2  

Penalty Kill 4 Players Defense
   Defense                  Defense                  Time % Phy DF OF 
 1 Brad Stuart              John Carlson             60     1   2  2  
 2 Oliver Ekman-Larsson     Erik Johnson             40     1   2  2  

Penalty Kill - 3 Players Forward 
   Forward                                           Time % Phy DF OF 
 1 Jarret Stoll                                      60     1   2  2  
 2 Claude Giroux                                     40     1   2  2  

Penalty Kill - 3 Players Defense
   Defense                  Defense                  Time % Phy DF OF 
 1 Brad Stuart              John Carlson             60     1   2  2  
 2 Oliver Ekman-Larsson     Erik Johnson             40     1   2  2  

4 vs 4 Forward 
   Center                   Wing                     Time % Phy DF OF 
 1 John Tavares             Alex Ovechkin            60     1   2  2  
 2 Ryan Getzlaf             Patrick Kane             40     1   2  2  

4 vs 4 Defense
   Defense                  Defense                  Time % Phy DF OF 
 1 John Carlson             Erik Johnson             60     1   2  2  
 2 Oliver Ekman-Larsson     Jake Muzzin              40     1   2  2  

Last Minutes Offensive
   Center                   Left Wing                Right Wing               Defense                  Defense                  
   Ryan Getzlaf             Alex Ovechkin            Blake Wheeler            John Carlson             Erik Johnson             

Last Minutes Defensive
   Center                   Left Wing                Right Wing               Defense                  Defense                  
   Ryan Getzlaf             Alex Ovechkin            Blake Wheeler            John Carlson             Erik Johnson             

Goaltenders
Starting : Jonathan Quick           
Backup : Jake Allen               

Extra Forwards
Normal : John Tavares, Patrik Elias, Jussi Jokinen - PP : John Tavares, Patrik Elias - PK : Jussi Jokinen
Extra Defensemen
Normal : Jake Muzzin, Erik Johnson, Oliver Ekman-Larsson - PP : Jake Muzzin - PK : Erik Johnson, Oliver Ekman-Larsson
Penalty Shots
Alex Ovechkin, Ryan Getzlaf, Claude Giroux, Blake Wheeler, Jussi Jokinen

% Time on Ice - Senators

Lines # - Real PCT - Wanted PCT - Time Play
Normal Forward
1 - 27% - 35% - 11:41
2 - 32% - 30% - 13:41
3 - 28% - 22% - 12:02
4 - 14% - 13% - 5:56
Normal Defense
1 - 18% - 35% - 7:42
2 - 34% - 30% - 14:44
3 - 31% - 22% - 13:24
4 - 17% - 13% - 7:30
PP Forward
1 - 56% - 60% - 3:19
2 - 44% - 40% - 2:38
PP Defense
1 - 50% - 60% - 2:59
2 - 50% - 40% - 2:58
PK Forward
1 - 78% - 60% - 7:44
2 - 22% - 40% - 2:11
PK Defense
1 - 52% - 60% - 5:08
2 - 48% - 40% - 4:47
PK3 Forward
1 - 0% - 60%
2 - 0% - 40%
PK3 Defense
1 - 0% - 60%
2 - 0% - 40%
44 Forward
1 - 0% - 60%
2 - 0% - 40%
44 Defense
1 - 0% - 60%
2 - 0% - 40%
Last Minute Offensive  - 0:48
Last Minute Defensive  - 0:00
Total
Forward - 60:00
Defense - 60:00

% Time on Ice - Jets

Lines # - Real PCT - Wanted PCT - Time Play
Normal Forward
1 - 26% - 31% - 11:13
2 - 31% - 28% - 13:38
3 - 31% - 24% - 13:24
4 - 12% - 17% - 5:25
Normal Defense
1 - 32% - 35% - 13:46
2 - 29% - 30% - 12:33
3 - 28% - 22% - 12:03
4 - 12% - 13% - 5:18
PP Forward
1 - 52% - 60% - 5:10
2 - 48% - 40% - 4:45
PP Defense
1 - 52% - 60% - 5:12
2 - 48% - 40% - 4:43
PK Forward
1 - 91% - 60% - 5:25
2 - 9% - 40% - 0:32
PK Defense
1 - 68% - 60% - 4:01
2 - 32% - 40% - 1:56
PK3 Forward
1 - 0% - 60%
2 - 0% - 40%
PK3 Defense
1 - 0% - 60%
2 - 0% - 40%
44 Forward
1 - 0% - 60%
2 - 0% - 40%
44 Defense
1 - 0% - 60%
2 - 0% - 40%
Last Minute Offensive  - 0:00
Last Minute Defensive  - 0:28
Total
Forward - 60:00
Defense - 60:00

Play by Play

1st period


0:01 of 1st period - Jonathan Toews wins face-off versus John Tavares in neutral zone.
0:06 of 1st period - Slapshot by Jarome Iginla.
0:06 of 1st period - Stopped by Jonathan Quick without a rebound.
0:07 of 1st period - Jonathan Toews wins face-off versus John Tavares in Jets zone.
0:18 of 1st period - Snap shot by Patrick Kane.
0:18 of 1st period - Shot Blocked by Dion Phaneuf.
0:20 of 1st period - Slapshot by Victor Hedman.
0:20 of 1st period - Shot Blocked by Tyler Myers.
0:22 of 1st period - Slapshot by John Tavares.
0:22 of 1st period - Goal by John Tavares - Senators : 0 - Jets : 1.
0:23 of 1st period - Kyle Turris wins face-off versus Ryan Getzlaf in neutral zone.
0:23 of 1st period - Kyle Turris is hit by Oliver Ekman-Larsson.
1:39 of 1st period - Slapshot by Wayne Simmonds.
1:39 of 1st period - Stopped by Steve Mason with a rebound.
2:02 of 1st period - Jarret Stoll is hit by Zach Bogosian and loses puck.
2:11 of 1st period - Jarret Stoll is hit by Jarome Iginla and loses puck.
2:52 of 1st period - John Carlson is hit by Jake Gardiner and loses puck.
3:28 of 1st period - Wrist shot by Filip Forsberg.
3:28 of 1st period - Stopped by Steve Mason without a rebound.
3:29 of 1st period - Claude Giroux wins face-off versus Boone Jenner in Senators zone.
3:30 of 1st period - Backhand shot by Wayne Simmonds.
3:30 of 1st period - Stopped by Steve Mason without a rebound.
3:31 of 1st period - Claude Giroux wins face-off versus Boone Jenner in Senators zone.
3:40 of 1st period - Wrist shot by Claude Giroux.
3:40 of 1st period - Stopped by Steve Mason without a rebound.
3:41 of 1st period - Claude Giroux wins face-off versus Joe Colborne in Senators zone.
3:48 of 1st period - Snap shot by Wayne Simmonds.
3:48 of 1st period - Stopped by Steve Mason without a rebound.
3:49 of 1st period - Claude Giroux wins face-off versus Boone Jenner in Senators zone.
5:08 of 1st period - Wrist shot by Phil Kessel.
5:08 of 1st period - Stopped by Jonathan Quick without a rebound.
5:09 of 1st period - John Tavares wins face-off versus Michael Grabner in Jets zone.
5:18 of 1st period - Slapshot by John Tavares.
5:18 of 1st period - Shot Misses the Net.
5:37 of 1st period - Minor Penalty to John Tavares for Roughing.
5:38 of 1st period - Jarret Stoll wins face-off versus Jonathan Toews in Jets zone.
5:54 of 1st period - Wrist shot by Boone Jenner.
5:54 of 1st period - Shot Misses the Net.
6:04 of 1st period - Snap shot by Jonathan Toews.
6:04 of 1st period - Deflect By John Carlson.
6:04 of 1st period - Stopped by Jonathan Quick with a rebound.
6:26 of 1st period - Slapshot by Jarret Stoll.
6:26 of 1st period - Shot Misses the Net.
6:43 of 1st period - Erik Johnson is hit by Dion Phaneuf and loses puck.
7:23 of 1st period - Jarret Stoll is hit by Jonathan Toews and loses puck.
7:37 of 1st period - Penalty to John Tavares is over, John Tavares is back on ice.
8:18 of 1st period - Snap shot by Ryan Getzlaf.
8:18 of 1st period - Shot Misses the Net.
8:20 of 1st period - Snap shot by Ryan Getzlaf.
8:20 of 1st period - Deflect By Filip Forsberg.
8:20 of 1st period - Shot Misses the Net.
8:20 of 1st period - Puck is out of play.
8:21 of 1st period - John Tavares wins face-off versus Jonathan Toews in Senators zone.
8:26 of 1st period - Wrist shot by Patrick Kane.
8:26 of 1st period - Shot Misses the Net.
9:46 of 1st period - Johnny Oduya is hit by Wayne Simmonds and loses puck.
9:47 of 1st period - Johnny Oduya from Senators is injured at 9:47 of 1st period (Right Leg).
9:48 of 1st period - Jonathan Toews wins face-off versus John Tavares in Senators zone.
9:55 of 1st period - Wrist shot by Jarome Iginla.
9:55 of 1st period - Stopped by Jonathan Quick without a rebound.
9:56 of 1st period - Jonathan Toews wins face-off versus John Tavares in Jets zone.
10:11 of 1st period - Backhand shot by Jarome Iginla.
10:11 of 1st period - Shot Blocked by Erik Johnson.
10:52 of 1st period - Brad Stuart is hit by Dion Phaneuf and loses puck.
11:12 of 1st period - Snap shot by Loui Eriksson.
11:12 of 1st period - Stopped by Jonathan Quick without a rebound.
11:13 of 1st period - Claude Giroux wins face-off versus Boone Jenner in Jets zone.
11:20 of 1st period - Johnny Boychuk is hit by Wayne Simmonds and loses puck.
11:57 of 1st period - Johnny Boychuk is hit by Claude Giroux and loses puck.
12:14 of 1st period - Snap shot by Jonathan Toews.
12:14 of 1st period - Stopped by Jonathan Quick without a rebound.
12:15 of 1st period - Ryan Getzlaf wins face-off versus Dave Bolland in Jets zone.
12:30 of 1st period - Slapshot by Ryan Getzlaf.
12:30 of 1st period - Shot Misses the Net.
12:44 of 1st period - Snap shot by Jonathan Toews.
12:44 of 1st period - Shot Misses the Net.
12:46 of 1st period - Snap shot by Dave Bolland.
12:46 of 1st period - Stopped by Jonathan Quick without a rebound.
12:47 of 1st period - Kyle Turris wins face-off versus Jarret Stoll in Jets zone.
12:56 of 1st period - Snap shot by Kyle Turris.
12:56 of 1st period - Shot Misses the Net.
13:35 of 1st period - Slapshot by Jonathan Toews.
13:35 of 1st period - Deflect By Jake Muzzin.
13:35 of 1st period - Shot Blocked by Patrik Elias.
13:35 of 1st period - Puck is out of play.
13:36 of 1st period - Jonathan Toews wins face-off versus Claude Giroux in Jets zone.
13:51 of 1st period - Wrist shot by Claude Giroux.
13:51 of 1st period - Stopped by Steve Mason with a rebound.
13:53 of 1st period - Snap shot by Oliver Ekman-Larsson.
13:53 of 1st period - Shot Blocked by Johnny Boychuk.
13:55 of 1st period - Slapshot by Erik Johnson.
13:55 of 1st period - Shot Blocked by Johnny Boychuk.
13:57 of 1st period - Slapshot by Jussi Jokinen.
13:57 of 1st period - Deflect By Jonathan Toews.
13:57 of 1st period - Shot Misses the Net.
13:57 of 1st period - Puck is out of play.
13:58 of 1st period - Boone Jenner wins face-off versus Ryan Getzlaf in Senators zone.
13:58 of 1st period - Boone Jenner is hit by Ryan Getzlaf.
14:10 of 1st period - Slapshot by Dion Phaneuf.
14:10 of 1st period - Shot Blocked by Blake Wheeler.
14:44 of 1st period - Filip Forsberg is hit by Tyler Myers and loses puck.
14:55 of 1st period - Wrist shot by Jarome Iginla.
14:55 of 1st period - Shot Blocked by John Carlson.
14:57 of 1st period - Snap shot by Jonathan Toews.
14:57 of 1st period - Goal by Jonathan Toews - Senators : 1 - Jets : 1.
14:58 of 1st period - Kyle Turris wins face-off versus John Tavares in neutral zone.
15:37 of 1st period - Erik Johnson is hit by Jake Gardiner and loses puck.
15:55 of 1st period - Wrist shot by Jonathan Toews.
15:55 of 1st period - Stopped by Jonathan Quick without a rebound.
15:56 of 1st period - Jonathan Toews wins face-off versus Claude Giroux in Jets zone.
17:29 of 1st period - Minor Penalty to Dion Phaneuf for High sticking.
17:30 of 1st period - John Tavares wins face-off versus Boone Jenner in Senators zone.
17:43 of 1st period - Wrist shot by Patrick Kane.
17:43 of 1st period - Shot Blocked by Tyler Myers.
18:01 of 1st period - Wrist shot by Patrick Kane.
18:01 of 1st period - Shot Misses the Net.
18:40 of 1st period - Boone Jenner is hit by Oliver Ekman-Larsson and loses puck.
19:29 of 1st period - Penalty to Dion Phaneuf is over, Dion Phaneuf is back on ice.
19:54 of 1st period - Snap shot by Wayne Simmonds.
19:54 of 1st period - Stopped by Steve Mason without a rebound.
19:55 of 1st period - Kyle Turris wins face-off versus Claude Giroux in Senators zone.
Goals for this period are 1 for Senators vs 1 for Jets.
Shots for this period are 9 for Senators vs 8 for Jets.

2nd period


0:01 of 2nd period - John Tavares wins face-off versus Jonathan Toews in neutral zone.
1:07 of 2nd period - Phil Kessel is hit by Ryan Getzlaf and loses puck.
1:11 of 2nd period - Icing by Phil Kessel.
1:12 of 2nd period - Claude Giroux wins face-off versus Kyle Turris in Senators zone.
1:33 of 2nd period - Slapshot by Wayne Simmonds.
1:33 of 2nd period - Shot Misses the Net.
1:35 of 2nd period - Snap shot by Claude Giroux.
1:35 of 2nd period - Stopped by Steve Mason with a rebound.
1:37 of 2nd period - Wrist shot by Brad Stuart.
1:37 of 2nd period - Stopped by Steve Mason with a rebound.
1:56 of 2nd period - Icing by Claude Giroux.
1:57 of 2nd period - Claude Giroux wins face-off versus Boone Jenner in Jets zone.
1:57 of 2nd period - Claude Giroux is hit by Joe Colborne.
2:17 of 2nd period - Brad Stuart is hit by Boone Jenner and loses puck.
2:35 of 2nd period - Minor Penalty to Steve Downie for Hooking.
2:36 of 2nd period - Ryan Getzlaf wins face-off versus Boone Jenner in Senators zone.
3:06 of 2nd period - Wrist shot by Ryan Getzlaf.
3:06 of 2nd period - Shot Blocked by Michael Grabner.
3:26 of 2nd period - Ryan Getzlaf is hit by Dion Phaneuf and loses puck.
4:07 of 2nd period - Slapshot by Alex Ovechkin.
4:07 of 2nd period - Stopped by Steve Mason without a rebound.
4:08 of 2nd period - Dave Bolland wins face-off versus John Tavares in Senators zone.
4:08 of 2nd period - Dave Bolland is hit by Alex Ovechkin.
4:35 of 2nd period - Penalty to Steve Downie is over, Steve Downie is back on ice.
5:10 of 2nd period - Wrist shot by Kyle Turris.
5:10 of 2nd period - Stopped by Jonathan Quick with a rebound.
5:14 of 2nd period - Snap shot by Phil Kessel.
5:14 of 2nd period - Stopped by Jonathan Quick with a rebound.
5:16 of 2nd period - Snap shot by Kyle Turris.
5:16 of 2nd period - Deflect By Loui Eriksson.
5:16 of 2nd period - Stopped by Jonathan Quick with a rebound.
5:18 of 2nd period - Slapshot by Jake Gardiner.
5:18 of 2nd period - Shot Blocked by John Carlson.
5:28 of 2nd period - Victor Hedman is hit by Johnny Boychuk and loses puck.
6:09 of 2nd period - Slapshot by Wayne Simmonds.
6:09 of 2nd period - Stopped by Steve Mason with a rebound.
6:55 of 2nd period - Snap shot by Ryan Getzlaf.
6:55 of 2nd period - Stopped by Steve Mason with a rebound.
7:11 of 2nd period - Johnny Boychuk is hit by Ryan Getzlaf and loses puck.
7:56 of 2nd period - Wrist shot by Ryan Getzlaf.
7:56 of 2nd period - Stopped by Steve Mason with a rebound.
8:32 of 2nd period - Snap shot by Jonathan Toews.
8:32 of 2nd period - Stopped by Jonathan Quick with a rebound.
10:03 of 2nd period - Ryan Getzlaf is hit by Dion Phaneuf and loses puck.
10:47 of 2nd period - Slapshot by Dion Phaneuf.
10:47 of 2nd period - Stopped by Jonathan Quick with a rebound.
10:49 of 2nd period - Slapshot by Dion Phaneuf.
10:49 of 2nd period - Shot Blocked by Ryan Getzlaf.
11:01 of 2nd period - Wrist shot by Johnny Boychuk.
11:01 of 2nd period - Shot Misses the Net.
11:53 of 2nd period - Wrist shot by Phil Kessel.
11:53 of 2nd period - Shot Blocked by Erik Johnson.
11:55 of 2nd period - Slapshot by Johnny Boychuk.
11:55 of 2nd period - Deflect By Phil Kessel.
11:55 of 2nd period - Stopped by Jonathan Quick without a rebound.
11:56 of 2nd period - Kyle Turris wins face-off versus Claude Giroux in Jets zone.
12:14 of 2nd period - Patrik Elias is hit by Dion Phaneuf and loses puck.
12:21 of 2nd period - Wrist shot by Jonathan Toews.
12:21 of 2nd period - Deflect By Jarome Iginla.
12:21 of 2nd period - Shot Misses the Net.
12:21 of 2nd period - Puck is out of play.
12:22 of 2nd period - Jonathan Toews wins face-off versus Jarret Stoll in Jets zone.
12:41 of 2nd period - Dion Phaneuf is hit by Alex Ovechkin and loses puck.
12:48 of 2nd period - Victor Hedman is hit by Steve Downie and loses puck.
13:17 of 2nd period - Jussi Jokinen is hit by Dave Bolland and loses puck.
13:30 of 2nd period - Minor Penalty to Tyler Myers for High sticking.
13:31 of 2nd period - Boone Jenner wins face-off versus John Tavares in Senators zone.
14:17 of 2nd period - Johnny Boychuk is hit by Blake Wheeler and loses puck.
14:28 of 2nd period - Johnny Boychuk is hit by Oliver Ekman-Larsson and loses puck.
14:33 of 2nd period - Snap shot by John Tavares.
14:33 of 2nd period - Shot Hit the Post.
14:35 of 2nd period - Slapshot by Victor Hedman.
14:35 of 2nd period - Stopped by Steve Mason with a rebound.
14:37 of 2nd period - Backhand shot by John Carlson.
14:37 of 2nd period - Shot Blocked by Johnny Boychuk.
14:39 of 2nd period - Wrist shot by Patrik Elias.
14:39 of 2nd period - Stopped by Steve Mason with a rebound.
14:41 of 2nd period - Slapshot by John Carlson.
14:41 of 2nd period - Shot Blocked by Boone Jenner.
15:21 of 2nd period - Victor Hedman is hit by Kyle Chipchura.
15:30 of 2nd period - Penalty to Tyler Myers is over, Tyler Myers is back on ice.
15:59 of 2nd period - Dion Phaneuf is hit by Wayne Simmonds and loses puck.
16:34 of 2nd period - Brad Stuart is hit by Joe Colborne and loses puck.
16:43 of 2nd period - Slapshot by Jake Muzzin.
16:43 of 2nd period - Stopped by Steve Mason with a rebound.
16:45 of 2nd period - Slapshot by John Carlson.
16:45 of 2nd period - Deflect By Wayne Simmonds.
16:45 of 2nd period - Shot Misses the Net.
16:45 of 2nd period - Puck is out of play.
16:46 of 2nd period - Claude Giroux wins face-off versus Jonathan Toews in Senators zone.
17:00 of 2nd period - Minor Penalty to Dion Phaneuf for Roughing.
17:01 of 2nd period - Boone Jenner wins face-off versus John Tavares in Senators zone.
17:32 of 2nd period - Off-side.
17:33 of 2nd period - Dave Bolland wins face-off versus Ryan Getzlaf in neutral zone.
19:00 of 2nd period - Penalty to Dion Phaneuf is over, Dion Phaneuf is back on ice.
19:16 of 2nd period - Dion Phaneuf is hit by Wayne Simmonds and loses puck.
19:40 of 2nd period - Minor Penalty to Claude Giroux for Hooking.
19:41 of 2nd period - Jarret Stoll wins face-off versus Kyle Turris in Jets zone.
Goals for this period are 0 for Senators vs 0 for Jets.
Shots for this period are 6 for Senators vs 9 for Jets.

3rd period


0:01 of 3rd period - Jonathan Toews wins face-off versus Jarret Stoll in neutral zone.
0:56 of 3rd period - Backhand shot by Kyle Turris.
0:56 of 3rd period - Stopped by Jonathan Quick with a rebound.
1:40 of 3rd period - Penalty to Claude Giroux is over, Claude Giroux is back on ice.
1:52 of 3rd period - Zach Bogosian is hit by Brad Stuart and loses puck.
2:09 of 3rd period - Kyle Chipchura is hit by Claude Giroux and loses puck.
2:28 of 3rd period - Wrist shot by Steve Downie.
2:28 of 3rd period - Deflect By Joe Colborne.
2:28 of 3rd period - Stopped by Jonathan Quick with a rebound.
4:00 of 3rd period - Slapshot by John Tavares.
4:00 of 3rd period - Stopped by Steve Mason with a rebound.
4:02 of 3rd period - Slapshot by Erik Johnson.
4:02 of 3rd period - Shot Blocked by Dion Phaneuf.
4:16 of 3rd period - Snap shot by Wayne Simmonds.
4:16 of 3rd period - Stopped by Steve Mason with a rebound.
4:18 of 3rd period - Slapshot by Wayne Simmonds.
4:18 of 3rd period - Deflect By Jussi Jokinen.
4:18 of 3rd period - Shot Misses the Net.
4:18 of 3rd period - Puck is out of play.
4:19 of 3rd period - Kyle Turris wins face-off versus Claude Giroux in Senators zone.
4:53 of 3rd period - Wrist shot by Alex Ovechkin.
4:53 of 3rd period - Stopped by Steve Mason with a rebound.
5:45 of 3rd period - Snap shot by Wayne Simmonds.
5:45 of 3rd period - Stopped by Steve Mason without a rebound.
5:46 of 3rd period - Jonathan Toews wins face-off versus Claude Giroux in Senators zone.
5:48 of 3rd period - Minor Penalty to Tyler Myers for Hooking.
5:49 of 3rd period - Boone Jenner wins face-off versus Ryan Getzlaf in Senators zone.
6:24 of 3rd period - Michael Grabner is hit by Ryan Getzlaf.
7:48 of 3rd period - Penalty to Tyler Myers is over, Tyler Myers is back on ice.
8:21 of 3rd period - Wayne Simmonds is hit by Phil Kessel and loses puck.
8:34 of 3rd period - Off-side.
8:35 of 3rd period - Kyle Turris wins face-off versus Jarret Stoll in neutral zone.
9:12 of 3rd period - Wrist shot by Wayne Simmonds.
9:12 of 3rd period - Shot Misses the Net.
9:14 of 3rd period - Slapshot by Erik Johnson.
9:14 of 3rd period - Shot Blocked by Jonathan Toews.
9:41 of 3rd period - Steve Downie is hit by Alex Ovechkin and loses puck.
10:07 of 3rd period - Ryan Getzlaf is hit by Kyle Turris and loses puck.
10:12 of 3rd period - Slapshot by Kyle Turris.
10:12 of 3rd period - Shot Misses the Net.
11:01 of 3rd period - Jarret Stoll is hit by Joe Colborne and loses puck.
11:39 of 3rd period - Minor Penalty to Blake Wheeler for Roughing.
11:40 of 3rd period - Jarret Stoll wins face-off versus Kyle Turris in Jets zone.
12:33 of 3rd period - Erik Johnson is hit by Tyler Myers.
12:58 of 3rd period - Jussi Jokinen is hit by Michael Grabner and loses puck.
13:36 of 3rd period - Brad Stuart is hit by Jarome Iginla.
13:39 of 3rd period - Penalty to Blake Wheeler is over, Blake Wheeler is back on ice.
13:54 of 3rd period - Slapshot by Ryan Getzlaf.
13:54 of 3rd period - Stopped by Steve Mason with a rebound.
14:17 of 3rd period - Wrist shot by Joe Colborne.
14:17 of 3rd period - Shot Misses the Net.
14:25 of 3rd period - Wrist shot by Steve Downie.
14:25 of 3rd period - Shot Misses the Net.
14:27 of 3rd period - Slapshot by Tyler Myers.
14:27 of 3rd period - Shot Misses the Net.
14:29 of 3rd period - Snap shot by Jake Gardiner.
14:29 of 3rd period - Shot Blocked by Blake Wheeler.
15:38 of 3rd period - Slapshot by Wayne Simmonds.
15:38 of 3rd period - Shot Misses the Net.
15:40 of 3rd period - Slapshot by John Carlson.
15:40 of 3rd period - Shot Blocked by Johnny Boychuk.
15:58 of 3rd period - Wrist shot by Steve Downie.
15:58 of 3rd period - Deflect By Joe Colborne.
15:58 of 3rd period - Stopped by Jonathan Quick with a rebound.
16:00 of 3rd period - Slapshot by Tyler Myers.
16:00 of 3rd period - Stopped by Jonathan Quick with a rebound.
16:02 of 3rd period - Wrist shot by Kyle Chipchura.
16:02 of 3rd period - Shot Misses the Net.
16:04 of 3rd period - Backhand shot by Kyle Chipchura.
16:04 of 3rd period - Shot Misses the Net.
16:06 of 3rd period - Snap shot by Tyler Myers.
16:06 of 3rd period - Stopped by Jonathan Quick with a rebound.
16:08 of 3rd period - Snap shot by Steve Downie.
16:08 of 3rd period - Stopped by Jonathan Quick without a rebound.
16:09 of 3rd period - Claude Giroux wins face-off versus Kyle Chipchura in Jets zone.
17:02 of 3rd period - Snap shot by John Tavares.
17:02 of 3rd period - Goal by John Tavares - Senators : 1 - Jets : 2.
17:03 of 3rd period - Ryan Getzlaf wins face-off versus Kyle Turris in neutral zone.
17:17 of 3rd period - Off-side.
17:18 of 3rd period - Ryan Getzlaf wins face-off versus Kyle Turris in neutral zone.
17:41 of 3rd period - Snap shot by Jonathan Toews.
17:41 of 3rd period - Stopped by Jonathan Quick with a rebound.
17:47 of 3rd period - Snap shot by Michael Grabner.
17:47 of 3rd period - Shot Misses the Net.
17:49 of 3rd period - Snap shot by Zach Bogosian.
17:49 of 3rd period - Shot Misses the Net.
17:51 of 3rd period - Slapshot by Johnny Boychuk.
17:51 of 3rd period - Deflect By Ryan Getzlaf.
17:51 of 3rd period - Stopped by Jonathan Quick with a rebound.
17:53 of 3rd period - Wrist shot by Michael Grabner.
17:53 of 3rd period - Stopped by Jonathan Quick with a rebound.
17:55 of 3rd period - Slapshot by Zach Bogosian.
17:55 of 3rd period - Stopped by Jonathan Quick without a rebound.
17:56 of 3rd period - Boone Jenner wins face-off versus John Tavares in Jets zone.
18:05 of 3rd period - Snap shot by Boone Jenner.
18:05 of 3rd period - Shot Misses the Net.
18:51 of 3rd period - Wrist shot by Jonathan Toews.
18:51 of 3rd period - Shot Misses the Net.
18:53 of 3rd period - Snap shot by Jarome Iginla.
18:53 of 3rd period - Shot Misses the Net.
18:55 of 3rd period - Snap shot by Zach Bogosian.
18:55 of 3rd period - Shot Blocked by Erik Johnson.
18:57 of 3rd period - Wrist shot by Jonathan Toews.
18:57 of 3rd period - Stopped by Jonathan Quick without a rebound.
18:58 of 3rd period - Lindy Ruff call a timeout for Senators.
18:58 of 3rd period - Ryan Getzlaf wins face-off versus Jonathan Toews in Jets zone.
19:11 of 3rd period - Backhand shot by Blake Wheeler.
19:11 of 3rd period - Deflect By Filip Forsberg.
19:11 of 3rd period - Shot Blocked by Michael Grabner.
19:11 of 3rd period - Puck is out of play.
19:12 of 3rd period - Ryan Getzlaf wins face-off versus Jonathan Toews in Senators zone.
19:19 of 3rd period - Senators, Steve Mason is pulled from the net.
19:23 of 3rd period - Slapshot by Loui Eriksson.
19:23 of 3rd period - Shot Misses the Net.
19:25 of 3rd period - Wrist shot by Dion Phaneuf.
19:25 of 3rd period - Shot Blocked by Erik Johnson.
19:27 of 3rd period - Snap shot by Zach Bogosian.
19:27 of 3rd period - Shot Misses the Net.
19:31 of 3rd period - Slapshot by Jonathan Toews.
19:31 of 3rd period - Stopped by Jonathan Quick without a rebound.
19:32 of 3rd period - Ryan Getzlaf wins face-off versus Loui Eriksson in Jets zone.
Goals for this period are 0 for Senators vs 1 for Jets.
Shots for this period are 12 for Senators vs 6 for Jets.